 Dungeon Crawl Stone Soup version 5.6-49-g8abd877 (webtiles) character file.

4 rednecknazgul the Frost Mage (level 8, -6/41 HPs) *CASUAL*
             Began as a Deep Elf Ice Elementalist on Nov 15, 2018.
             Was an Initiate of Sif Muna.
             Mangled by an orc
             ... wielding a +0 hand axe
              (7 damage)
             ... on level 4 of the Dungeon.
             The game lasted 00:05:50 (2963 turns).

rednecknazgul the Frost Mage (DEIE)                 Turns: 2963, Time: 00:05:51

Health: -6/41      AC: 11 (0%)Str:  5   XL:     8   Next: 14%
Magic:  2/13       EV: 13    Int: 23    God:    Sif Muna [0*[17]]
Gold:   255        SH:  0    Dex: 15    Spells: 7/16 levels left

rFire    . . .     SeeInvis .   o - +4 dagger (drain)
rCold    . . .     Faith    .   (no shield)
rNeg     . . .     Spirit   .   a - +0 robe
rPois    .         Reflect  .   k - +0 helmet
rElec    .                      l - +0 cloak {MR+}
rCorr    .                      (no gloves)
MR       +....                  (no boots)
Stlth    ++........             (no amulet)
Regen    0.2/turn               (no ring)
MPRegen  0.2/turn               (no ring)

@: icy armour
A: magic attunement
a: End Ozocubu's Armour, Renounce Religion


You were on level 4 of the Dungeon.
You worshipped Sif Muna.
Sif Muna was noncommittal.
You were not hungry.

You visited 1 branch of the dungeon, and saw 4 of its levels.

You collected 255 gold pieces.

Inventory:

Hand Weapons
 o - a +4 dagger of draining (weapon)
Armour
 a - a +0 robe (worn)
 k - a +0 helmet (worn)
 l - a +0 cloak of magic resistance (worn)
Wands
 p - a wand of confusion (10)
 q - a wand of flame (10)
Scrolls
 b - 3 scrolls of fear
 e - a scroll of fog
 f - a scroll of enchant armour
 g - 2 scrolls of magic mapping
 h - a scroll of amnesia
 i - 3 scrolls of teleportation
Potions
 c - a potion of haste
 d - a potion of heal wounds
 j - 3 potions of resistance
 m - a potion of mutation
 n - a potion of flight


   Skills:
 + Level 3.7 Armour
 - Level 2.4 Dodging
 - Level 2.4 Stealth
 + Level 6.6 Charms
 * Level 8.7 Ice Magic


You had 7 spell levels left.
You knew the following spells:

 Your Spells              Type           Power        Failure   Level  Hunger
a - Freeze                Ice            25 (25)      1%          1    N/A
b - Ozocubu's Armour      Chrm/Ice       35 (100)     7%          4    N/A
c - Throw Icicle          Ice            40 (100)     4%          4    N/A

Your spell library contained the following spells:

 Spells                   Type           Power        Failure   Level  Hunger
 Ensorcelled Hibernation  Hex/Ice        20 (50)      4%          2    N/A
 Metabolic Englaciation   Hex/Ice        20 (200)     58%         5    N/A

Dungeon Overview and Level Annotations

Branches:
Dungeon (4/15)

Altars:
Gozag
Jiyva
Kikubaaqudgha
Makhleb
Qazlal
Sif Muna
Trog
Vehumet
Wu Jian
The Shining One


Innate Abilities, Weirdness & Mutations

Your non-sustained spells cost 1 less MP to cast


Message History

Aim: an orc priest, wielding a +0 hand axe You freeze the orc priest (9).
The orc priest is severely wounded.
The orc priest closely misses you.
Casting: Freeze (safe; 1% risk of failure)
Confirm with . or Enter, or press ? or * to list all spells.
Aiming: Freeze (safe; 1% risk of failure)
Press: ? - help, Shift-Dir - straight line, f/p - orc priest
Aim: an orc priest, wielding a +0 hand axe (severely wounded)
You freeze the orc priest (11).
You kill the orc priest!
Casting: Freeze (safe; 1% risk of failure)
Confirm with . or Enter, or press ? or * to list all spells.
Aiming: Freeze (safe; 1% risk of failure)
Press: ? - help, Shift-Dir - straight line, f - orc
Aim: an orc, wielding a +0 hand axe You freeze the orc (5).
The orc is almost dead.
The orc hits you with a +0 hand axe (7)!
You die...

......#
#...####.#...###.#.#.#
...######
#.#....)..........#.#.#
#....[..#
##...####.#...........#
#######.# ##.##
#.############# #.# #.# #.#
#.# #.# #.# #.# #.# #.# #.#
#.#####.### #######.##
#...@o....# .........#
######.##.# #######..#
#.##.# ######..#######
.oo#.#
#.............[.o..#.# ##
#.####..########..:#.#######
#. ....# #####.......####.
####.# #####........ #.#
#..)####.


You could see an orc.

Vanquished Creatures
  An ogre (D:4)
  A scorpion (D:3)
  A hound (D:4)
  Crazy Yiuf (D:3)
  2 orc priests (D:4)
  5 orc wizards
  A bullfrog skeleton (D:4)
  2 worker ants
  2 adders
  5 dart slugs
  10 orcs
  3 giant cockroaches
  10 goblins
  4 hobgoblins
  10 kobolds
  7 bats
  A frilled lizard (D:1)
  13 rats
  A fungus (D:3)
80 creatures vanquished.

Notes
Turn   | Place    | Note
-------+----------+-------------------------------------------
     0 | D:1      | rednecknazgul the Deep Elf Ice Elementalist began the quest for the Orb.
     0 | D:1      | Reached XP level 1. HP: 10/10 MP: 4/4
    19 | D:1      | Reached XP level 2. HP: 6/15 MP: 6/6
   189 | D:1      | Reached skill level 1 in Charms
   199 | D:1      | Reached skill level 1 in Armour
   350 | D:1      | Reached XP level 3. HP: 16/19 MP: 8/8
   498 | D:1      | Reached skill level 5 in Ice Magic
   713 | D:2      | Reached XP level 4. HP: 24/24 MP: 10/10
   838 | D:2      | Learned a level 4 spell: Ozocubu's Armour
   950 | D:2      | Found an ancient bone altar of Kikubaaqudgha.
  1072 | D:2      | Found a bloodstained altar of Trog.
  1338 | D:2      | Found a faded altar of an unknown god.
  1671 | D:3      | Found an opulent altar of Gozag.
  1671 | D:3      | Found an ornate altar of the Wu Jian Council.
  1725 | D:3      | Found a glowing golden altar of the Shining One.
  1822 | D:3      | Found a burning altar of Makhleb.
  1841 | D:3      | Reached skill level 6 in Ice Magic
  1841 | D:3      | Reached XP level 5. HP: 25/28 MP: 4/4
  1920 | D:3      | Reached XP level 6. HP: 17/32 MP: 7/7
  2104 | D:3      | Reached skill level 7 in Ice Magic
  2158 | D:3      | Found a stormy altar of Qazlal.
  2294 | D:3      | Found a viscous altar of Jiyva.
  2449 | D:3      | Found a runed door.
  2453 | D:3      | Noticed Crazy Yiuf
  2457 | D:3      | Killed Crazy Yiuf
  2547 | D:4      | Learned a level 4 spell: Throw Icicle
  2636 | D:4      | Reached skill level 5 in Charms
  2636 | D:4      | Reached XP level 7. HP: 33/36 MP: 10/10
  2776 | D:4      | Found a radiant altar of Vehumet.
  2839 | D:4      | Found a deep blue altar of Sif Muna.
  2846 | D:4      | Reached skill level 8 in Ice Magic
  2869 | D:4      | Became a worshipper of Sif Muna the Loreminder
  2955 | D:4      | Reached XP level 8. HP: 25/41 MP: 13/13
  2960 | D:4      | HP: 1/41 [orc priest/divine providence (13)]
  2963 | D:4      | Mangled by an orc

Skill      XL: |  1  2  3  4  5  6  7 |
---------------+----------------------+-----
Charms         | 2 3 4 5 6 |  6.6
Armour         | 1 2 3 |  3.7
Ice Magic      | 5 6 7 8 |  8.7
Dodging        | |  2.4
Stealth        | |  2.4

Action                   |  1- 3 |  4- 6 |  7- 9 || total
-------------------------+-------+-------+-------++-------
Melee: Unarmed           |     3 |    71 |       ||    74
       Dagger            |       |       |    10 ||    10
 Cast: Freeze            |    40 |    68 |    33 ||   141
       Ozocubu's Armour  |       |     1 |       ||     1
       Throw Icicle      |       |       |     4 ||     4
Armor: Robe              |     1 |    13 |    13 ||    27
Dodge: Dodged            |    17 |    31 |    20 ||    68
